 Dungeon Crawl Stone Soup version 0.28-a0-258-g8de209e91f (webtiles) character file.

Game seed: 13727123712100867156

1240 graki42 the Covert (level 8, -3/54 HPs)
             Began as an Octopode Brigand on Aug 26, 2021.
             Was an Initiate of Okawaru.
             Slain by a sky beast (5 damage)
             ... on level 6 of the Dungeon.
             The game lasted 00:14:14 (6399 turns).

graki42 the Covert (Octopode Brigand)               Turns: 6399, Time: 00:14:15

Health: -3/54      AC:  1    Str: 10    XL:     8   Next: 49%
Magic:  17/17      EV: 16    Int: 13    God:    Okawaru [......]
Gold:   216        SH:  0    Dex: 22    Spells: 7/7 levels left

rFire   . . .      SeeInvis .   n - +2 dagger (venom)
rCold   + . .      Faith    .   (no shield)
rNeg    + . .      Spirit   .   (helmet restricted)
rPois   .          Reflect  .   (no amulet)
rElec   .          Harm     .   e - ring of protection from cold
rCorr   .          Rampage  .   h - ring of magical power
Will    .....                   s - ring of positive energy
Stlth   +++++.....              y - +6 ring of dexterity
HPRegen 0.18/turn               (no ring)
MPRegen 0.15/turn               (no ring)
                                (no ring)
                                (no ring)

@: no status effects
A: almost no armour, amphibious, 8 rings, camouflage 1, gelatinous body 1,
(nimble swimmer 1), tentacles
a: Renounce Religion


You were on level 6 of the Dungeon.
You worshipped Okawaru.
Okawaru was noncommittal.
You visited 2 branches of the dungeon, and saw 7 of its levels.

You collected 216 gold pieces.

Inventory:

Hand Weapons
 a - a +2 dagger
 n - a +2 dagger of venom (weapon)
Missiles
 b - 34 poisoned darts (quivered)
 c - 7 curare-tipped darts
Armour
 t - a +0 tower shield
Magical Staves
 u - a staff of death
Jewellery
 e - a ring of protection from cold (left tentacle)
 h - a ring of magical power (right tentacle)
 s - a ring of positive energy (on tentacle)
 y - a +6 ring of dexterity (on tentacle)
Wands
 l - a wand of digging (4)
 C - a wand of flame (15)
Scrolls
 d - 4 scrolls of identify {unknown}
 f - a scroll of immolation
 i - a scroll of fear {unknown}
 j - a scroll of amnesia {unknown}
 p - a scroll of blinking {unknown}
 r - a scroll of vulnerability {unknown}
 x - a scroll of brand weapon {unknown}
 z - 3 scrolls of teleportation {unknown}
 D - a scroll of noise {unknown}
Potions
 g - 3 potions of curing
 k - a potion of lignification
 m - a potion of magic {unknown}
 o - a potion of mutation {unknown}
 q - a potion of invisibility {unknown}
 v - 2 potions of haste {unknown}
 w - a potion of brilliance {unknown}
 A - a potion of berserk rage {unknown}
 B - a potion of ambrosia {unknown}


   Skills:
 + Level 4.7 Fighting
 + Level 4.7 Short Blades
 + Level 4.8 Throwing
 + Level 4.4 Dodging
 + Level 8.4 Stealth


You had 7 spell levels left.
You didn't know any spells.
Your spell library contained the following spells:

 Spells                   Type           Power      Damage    Failure   Level
 Slow                     Hex            0%         N/A       43%         2
 Confusing Touch          Hex            0%         N/A       67%         3
 Gell's Gravitas          Tloc           0%         N/A       67%         3
 Lesser Beckoning         Tloc           0%         N/A       67%         3
 Teleport Other           Tloc           0%         N/A       67%         3
 Vampiric Draining        Necr           0%         2d6       67%         3


Dungeon Overview and Level Annotations

Branches:
Dungeon (6/15)             Temple (1/1) D:5

Altars:
Cheibriados
Dithmenos
Elyvilon
Gozag
Hepliaklqana
Makhleb
Okawaru
Qazlal
Ru
Sif Muna
Trog
Uskayaw
Vehumet
Wu Jian
Xom
Yredelemnul
Zin
The Shining One

Shops:
D:4 *

Annotations:
D:5 1 runed translucent door, sn0wgr3's ghost, novice MiFi


Innate Abilities, Weirdness & Mutations

You cannot wear most types of armour.
You are amphibious.
You can wear up to eight rings at the same time.
Your skin changes colour to match your surroundings (Stealth+).
Your rubbery body absorbs attacks. (AC +1, EV +1)
((You are camouflaged near water. (Stealth+)))
You have tentacles for arms and can constrict up to eight enemies at once.


Message History

The bullfrog zombie is moderately damaged.
You constrict the bullfrog zombie. The bullfrog zombie closely misses you.
You hit the bullfrog zombie.
The bullfrog zombie is heavily damaged.
You constrict the bullfrog zombie. The bullfrog zombie misses you.
You hit the bullfrog zombie. You squeeze the bullfrog zombie.
The bullfrog zombie is severely damaged.
You constrict the bullfrog zombie. You hit the bullfrog zombie.
The bullfrog zombie is severely damaged.
You constrict the bullfrog zombie.
The bullfrog zombie hits you but does no damage.
You hit the bullfrog zombie.
The bullfrog zombie is almost destroyed.
You constrict the bullfrog zombie.
You destroy the bullfrog zombie!
Okawaru accepts your kill.
A sky beast comes into view.
The sky beast flickers out of sight!
Deactivating autopickup; reactivate with Ctrl-A.
No target in view!
Something hits you. Something shocks you.
You hit something but do no damage. You squeeze something. Something hits you.
Something shocks you.
You hit something. Something hits you. Something shocks you.
You hit something. Your squeeze misses something. You closely miss something.
Something barely misses you.
You hit something. Something hits you. Something shocks you.
You hit something. Something hits you. Something shocks you.
You closely miss something. You closely miss something. Something hits you.
Something shocks you.
* * * LOW HITPOINT WARNING * * *
You hit something. You squeeze something. Something hits you.
* * * LOW HITPOINT WARNING * * *
Something shocks you.
* * * LOW HITPOINT WARNING * * *
You miss something. Your squeeze misses something. Something hits you.
* * * LOW HITPOINT WARNING * * *
Something shocks you.
You die...

#. .# .## .. #. #.
#.##.#### ###.......##
.#......{@.).#
#.######.##..####### #.#
#.##........# #.#
#.###.#####.# #.# #># #.#
#.# #.# #.#
##.######.###.#####.#
#######...................#
..........##........#####.#


There were no monsters in sight!

Vanquished Creatures
  2 ogres
  A centaur (D:5)
  A phantom (D:5)
  4 scorpions (D:4)
  A gnoll sergeant (D:5)
  A wyvern skeleton (D:5)
  A howler monkey (D:4)
  A bullfrog zombie (D:6)
  A centaur zombie (D:6)
  2 orc priests (D:4)
  A centaur skeleton (D:5)
  Terence (D:3)
  3 iguanas (D:5)
  An orc wizard (D:4)
  A hound skeleton (D:3)
  3 gnolls (D:5)
  10 adders
  A shadow imp (D:3)
  2 ufetubi (D:5)
  A worm (D:3)
  3 dart slugs
  11 orcs
  5 endoplasms
  8 giant cockroaches
  10 goblins
  6 hobgoblins
  2 jackals (D:3)
  6 ball pythons
  6 bats
  3 frilled lizards
  5 kobolds
  3 rats
107 creatures vanquished.

Notes
Turn   | Place    | Note
-------+----------+-------------------------------------------
     0 | D:1      | graki42 the Octopode Brigand began the quest for the Orb.
     0 | D:1      | Reached XP level 1. HP: 14/14 MP: 1/1
   141 | D:1      | Reached XP level 2. HP: 19/19 MP: 2/2
   329 | D:1      | Found a faded altar of an unknown god.
   843 | D:2      | Reached XP level 3. HP: 24/24 MP: 3/3
  1649 | D:3      | Noticed Terence
  1665 | D:3      | Killed Terence
  1666 | D:3      | Reached XP level 4. HP: 9/30 MP: 4/4
  2017 | D:3      | Reached skill level 6 in Stealth
  2570 | D:3      | Found a sacrificial altar of Ru.
  2741 | D:3      | Reached XP level 5. HP: 17/36 MP: 5/5
  3280 | D:4      | Reached XP level 6. HP: 42/42 MP: 6/6
  3321 | D:4      | Reached skill level 7 in Stealth
  3323 | D:4      | HP: 1/42 [orc (8)]
  3360 | D:4      | Reached XP level 7. HP: 7/46 MP: 7/7
  3988 | D:4      | Found Areskoarua's Assorted Antiques.
  4028 | D:4      | Found the +0 pair of fencer's gloves {Riposte Dex+3}
  4385 | D:5      | Entered Level 5 of the Dungeon
  4770 | D:5      | Found a runed translucent door.
  4773 | D:5      | Noticed sn0wgr3's ghost (novice MiFi)
  4957 | D:5      | Reached XP level 8. HP: 23/54 MP: 8/8
  5207 | D:5      | Reached skill level 8 in Stealth
  5544 | D:5      | Found a staircase to the Ecumenical Temple.
  5548 | Temple   | Entered the Ecumenical Temple
  5573 | Temple   | Became a worshipper of Warmaster Okawaru
  5952 | D:5      | Found a white marble altar of Elyvilon.
  6399 | D:6      | HP: 2/54 [something (1)]
  6399 | D:6      | Slain by a sky beast

Illustrated notes

Levels and vault maps discovered:
D:1:      wander_arrival_chamber, layout_rooms,
          ebering_ecumenical_altar_abandoned, roderic_roman_lattice,
          minmay_worlds_worst_comb
D:2:      layout_basic, kennysheep_boxes
D:3:      minmay_razor_zed, layout_loops_ring, marbit_many_paths,
          grunt_decor_clamped, uniq_terence
D:4:      layout_rooms, serial_shops, nicolae_shop_stone
D:5:      layout_loops_corners, mainiacjoe_overflow_surrounded_room,
          temple_hall_moat, ebering_ghost_inner_flame
D:6:      layout_loops_ring, lemuel_old_faithful
Temple:   compressed_dpeg_circular_temple

Skill      XL: |  1  2  3  4  5  6  7  8 |
---------------+-------------------------+-----
Stealth        | 6 7 8 |  8.4
Dodging        | 2 3 4 |  4.4
Throwing       | 3 4 |  4.8
Short Blades   | 3 4 |  4.7
Fighting       | 3 4 |  4.7

Action                   |  1- 3 |  4- 6 |  7- 9 || total
-------------------------+-------+-------+-------++-------
Melee: Dagger            |    71 |    69 |   133 ||   273
       Tentacles         |    10 |    17 |    25 ||    52
       Constrict         |    14 |    15 |    20 ||    49
Throw: Dart              |       |     9 |    15 ||    24
  Use: Potion            |     1 |       |     1 ||     2
 Stab: Sleeping          |    12 |    10 |    10 ||    32
       Distracted        |     1 |     1 |       ||     2
Armor: Skin              |     8 |     4 |    20 ||    32
Dodge: Dodged            |    45 |    27 |    45 ||   117

Table legend: (Time is in decaauts)
 A = Elapsed time spent in this place.
 B = Non-inter-level travel time spent in this place.
 C = Inter-level travel time spent in this place.
 D = Time resting spent in this place.
 E = Time spent auto-exploring this place.
 F = Levels seen in this place.
 G = Mean time per level.
                   A        B        C        D        E       F      G
               +--------+--------+--------+--------+--------+-----+--------+
         Total |   6348 |   6123 |    225 |   1267 |   3900 |   7 |  906.9 |
       Dungeon |   6263 |   6053 |    210 |   1267 |   3850 |   6 | 1043.8 |
        Temple |     84 |     69 |     15 |      0 |     50 |   1 |   84.0 |
               +--------+--------+--------+--------+--------+-----+--------+

Top non-repeatable levels by time:
     D:5: 1752 daAuts
     D:3: 1579 daAuts
     D:4: 1234 daAuts
     D:2: 858 daAuts
     D:1: 766 daAuts
  Temple: 84 daAuts
     D:6: 72 daAuts
